 Dungeon Crawl Stone Soup version 0.17.0-24-gcfadda4 (console) character file.

1906 Kloppie the Chopper (level 8, -4/74 HPs)
             Began as a Deep Dwarf Venom Mage on Nov 15, 2015.
             Was a Believer of Makhleb.
             Slain by an orc warrior
             ... wielding a +0 short sword
              (15 damage)
             ... on level 6 of the Dungeon.
             The game lasted 00:17:37 (6083 turns).

Kloppie the Chopper (Deep Dwarf Venom Mage)         Turns: 6083, Time: 00:17:38

Health: -4/74      AC:  9    Str:  9    XL:     8   Next: 94%
Magic:  6/8        EV:  9    Int: 19    God:    Makhleb [**....]
Gold:   313        SH:  0    Dex: 20    Spells: 1 memorised, 9 levels left

rFire  . . .     SeeInvis .     w - +0 war axe
rCold  . . .     Clarity  .     H - +0 scale mail of the Peasants {rElec rPois Str-2 Dex+4} (curse)
rNeg   . . .     SustAt   .     (no shield)
rPois  +         Gourm    .     l - +0 helmet
rElec  +         Spirit   .     C - +0 cloak
rCorr  .         Warding  .     (no gloves)
rMut   .         Stasis   .     (no boots)
MR     +....                    (no amulet)
Stlth  ++........               g - +3 ring of dexterity
                                G - ring of stealth

@: very slightly contaminated, non-regenerating, drained, somewhat resistant to
hostile enchantments, unstealthy
A: damage resistance, recharge devices, sense surroundings 1, slow regeneration
3
a: Device Recharging, Minor Destruction, Renounce Religion


You were on level 6 of the Dungeon.
You worshipped Makhleb.
Makhleb was pleased with you.
You were not hungry.

You visited 2 branches of the dungeon, and saw 8 of its levels.

You collected 313 gold pieces.

Inventory:

Hand Weapons
 w - a +0 war axe (weapon)
 x - a +0 hand axe
Armour
 a - a +0 robe
 l - a +0 helmet (worn)
 C - a +0 cloak (worn)
 H - the cursed +0 scale mail of the Peasants (worn) {rElec rPois Str-2 Dex+4}
   (You found it on level 6 of the Dungeon)

   It affects your strength (-2).
   It affects your dexterity (+4).
   It insulates you from electricity.
   It protects you from poison.
   It has a curse placed upon it.
Jewellery
 g - a +3 ring of dexterity (right hand)
 G - a ring of stealth (left hand)
Wands
 c - a wand of heal wounds (2)
Scrolls
 e - a scroll of immolation
 i - 3 scrolls of noise
 p - a scroll of magic mapping
 r - 2 scrolls of recharging {unknown}
 u - 4 scrolls of identify
 y - 5 scrolls of teleportation {unknown}
 A - a scroll of amnesia {unknown}
 D - 2 scrolls of enchant armour {unknown}
Potions
 h - a potion of haste {unknown}
 j - 7 potions of curing {unknown}
 m - 2 potions of poison {unknown}
 n - 2 potions of flight {unknown}
 o - a potion of heal wounds {unknown}
 t - a potion of might {unknown}
 v - 2 potions of brilliance {unknown}
 B - a potion of cure mutation {unknown}
 E - a potion of berserk rage {unknown}
Books
 b - a Young Poisoner's Handbook

   Spells                             Type                      Level
   a - Sting                          Conjuration/Poison           1
   b - Cure Poison                    Poison                       2
   c - Mephitic Cloud                 Conjuration/Poison/Air       3
   d - Olgreb's Toxic Radiance        Poison                       4
   e - Venom Bolt                     Conjuration/Poison           5
Comestibles
 d - 4 bread rations
 f - 2 slices of pizza
 k - 8 fruits
 q - 5 chunks of flesh
 s - 2 meat rations
 z - a beef jerky


   Skills:
 + Level 5.3(4.4) Fighting
 + Level 6.4(5.5) Axes
 + Level 5.5(4.7) Armour
 - Level 2.9(2.0) Dodging
 - Level 2.4(1.6) Stealth
 - Level 1.7(0.9) Spellcasting
 - Level 3.5(2.7) Conjurations
 - Level 3.2(2.4) Poison Magic
 - Level 4.5(3.6) Invocations


You had 9 spell levels left.
You knew the following spells:

 Your Spells              Type           Power        Failure   Level  Hunger
a - Sting                 Conj/Pois      ##..         52%         1    ##.....


Dungeon Overview and Level Annotations

Branches:
Dungeon (7/15)             Temple (1/1) D:4

Altars:
Ashenzari
Fedhas
Kikubaaqudgha
Makhleb
Nemelex Xobeh
Qazlal
Yredelemnul
Zin
The Shining One


Innate Abilities, Weirdness & Mutations

You are resistant to damage.
You can recharge devices by infusing magical energy.
You passively map a small area around you.
You do not regenerate naturally.


Message History

The orc warrior hits you but does no damage.
Your scale mail of the Peasants prevents you from hitting the orc warrior.
The orc warrior is heavily wounded.
The orc warrior barely misses you.
You closely miss the orc warrior.
The orc warrior is heavily wounded.
The orc warrior barely misses you.
You hit the orc warrior but do no damage.
The orc warrior is heavily wounded.
The orc warrior hits you with a short sword!
* * * LOW HITPOINT WARNING * * *
The orc warrior completely misses you.
You hit the orc warrior but do no damage.
The orc warrior is heavily wounded.
The orc warrior hits you with a short sword!
* * * LOW HITPOINT WARNING * * *
You closely miss the orc warrior.
The orc warrior is heavily wounded.
The orc warrior hits you with a short sword!
You die...

#.# ##### #.##.#...## #.#
#.#....#..# #.# #....####.# #.#
###...## #.. #.# ####.....# ###
####.### ###<..)##..# #
#......#######...#####..# #
#.##.#........o#######..###
#....#######..@...........#####
#..### #.########..........
#.## ##.# #..##.###### #.# #..#
###.###..# #.#
##.######........# #.#
#............##### ###
#########...## #####


You could see an orc warrior.

Vanquished Creatures
  The ghost of Kloppie the Covered, a novice DDVM of Sif Muna (D:6)
  2 phantoms
  A necrophage (D:6)
  2 ogres
  A gnoll sergeant (D:5)
  A water moccasin zombie (D:5)
  2 scorpions
  3 jellies
  2 crimson imps
  A centaur skeleton (D:5)
  2 giant frog skeletons
  Ijyb (D:3)
  2 hounds
  A gnoll shaman (D:6)
  3 orc wizards
  5 worker ants
  A hound skeleton (D:7)
  12 gnolls
  8 adders
  3 oozes
  4 worms
  A giant gecko (D:5)
  12 orcs
  15 bats
  7 giant cockroaches
  17 goblins
  6 hobgoblins
  6 jackals
  2 quokkas
  A ball python (D:1)
  A giant gecko zombie (D:7)
  7 giant newts
  A jackal zombie (D:5)
  7 kobolds
  7 rats
148 creatures vanquished.

Notes
Turn   | Place    | Note
--------------------------------------------------------------
     0 | D:1      | Kloppie the Deep Dwarf Venom Mage began the quest for the Orb.
     0 | D:1      | Reached XP level 1. HP: 15/15 MP: 3/3
    95 | D:1      | Reached XP level 2. HP: 13/24 MP: 0/4
   249 | D:1      | Reached skill level 1 in Conjurations
   510 | D:1      | Reached skill level 1 in Fighting
   715 | D:1      | Reached XP level 3. HP: 21/31 MP: 5/5
  1117 | D:2      | Found a blossoming altar of Fedhas.
  1276 | D:2      | Reached XP level 4. HP: 19/39 MP: 0/6
  2016 | D:3      | Noticed Ijyb
  2120 | D:3      | Killed Ijyb
  2120 | D:3      | Reached skill level 1 in Axes
  2120 | D:3      | Reached XP level 5. HP: 46/46 MP: 7/7
  2797 | D:4      | HP: 2/49 [scorpion (4)]
  2833 | D:4      | Found an ancient bone altar of Kikubaaqudgha.
  3020 | D:4      | Found a staircase to the Ecumenical Temple.
  3027 | Temple   | Entered the Ecumenical Temple
  3041 | Temple   | Became a worshipper of Makhleb the Destroyer
  3158 | D:4      | Reached XP level 6. HP: 33/56 MP: 7/7
  3259 | D:4      | Noticed a phantom
  3283 | D:4      | Found a glowing golden altar of the Shining One.
  3313 | D:4      | Killed a phantom
  3766 | D:5      | Entered Level 5 of the Dungeon
  3882 | D:5      | Reached skill level 1 in Armour
  3882 | D:5      | Reached XP level 7. HP: 33/63 MP: 8/8
  3884 | D:5      | Reached skill level 4 in Fighting
  4021 | D:5      | Found a shattered altar of Ashenzari.
  4388 | D:5      | Reached * piety under Makhleb
  4869 | D:5      | Reached XP level 8. HP: 51/73 MP: 8/8
  5110 | D:5      | Reached skill level 1 in Invocations
  5149 | D:6      | Got a jacinth-encrusted scale mail
  5151 | D:6      | Identified the cursed +0 scale mail of the Peasants {rElec rPois Str-2 Dex+4} (You found it on level 6 of the Dungeon)
  5298 | D:6      | Reached skill level 5 in Axes
  5394 | D:6      | Noticed Kloppie's ghost (novice DDVM)
  5555 | D:6      | Killed Kloppie's ghost
  5555 | D:6      | Reached skill level 5 in Armour
  5590 | D:6      | Reached skill level 6 in Axes
  5835 | D:6      | Reached skill level 5 in Fighting
  5909 | D:6      | Reached ** piety under Makhleb
  6083 | D:6      | Slain by an orc warrior

Action                   |  1- 3 |  4- 6 |  7- 9 || total
-------------------------+-------+-------+-------++-------
Melee: Unarmed           |    13 |       |       ||    13
       Dagger            |    51 |       |       ||    51
       Hand axe          |    29 |   185 |       ||   214
       Whip              |   108 |   107 |       ||   215
       War axe           |       |    94 |   313 ||   407
 Cast: Sting             |    33 |     8 |     5 ||    46
 Abil: Device Recharging |       |     1 |     2 ||     3
Evoke: Wand              |     3 |     7 |     8 ||    18
  Use: Scroll            |     3 |       |     2 ||     5
 Stab: Sleeping          |     1 |       |     1 ||     2
  Eat: Chunk             |     2 |     9 |     6 ||    17
       Beef jerky        |       |       |     2 ||     2
